 Dungeon Crawl Stone Soup version 0.18.1-1-g2f07953 (webtiles) character file.

391 shmeve the Chopper (level 6, -5/85 HPs)
             Began as a Minotaur Berserker on May 6, 2016.
             Was a Priest of Trog.
             Slain by Menkaure (8 damage)
             ... on level 4 of the Dungeon.
             The game lasted 00:06:42 (3302 turns).

shmeve the Chopper (Minotaur Berserker)             Turns: 3302, Time: 00:06:42

Health: -5/85      AC:  8    Str: 28    XL:     6   Next: 50%
Magic:  5/5        EV: 11    Int:  5    God:    Trog [***...]
Gold:   179        SH:  0    Dex:  9    Spells: 0 memorised, 5 levels left

rFire  . . .     SeeInvis .     a - +0 hand axe
rCold  . . .     Gourm    .     t - +0 scale mail
rNeg   . . .     Faith    .     (no shield)
rPois  +         Spirit   .     (helmet restricted)
rElec  .         Dismiss  .     j - +0 cloak
rCorr  .         Reflect  .     (no gloves)
SustAt .         Harm     .     (no boots)
MR     ++...                    (no amulet)
Stlth  ..........               (no ring)
                                s - ring of poison resistance

@: berserking, regenerating, very quick, very resistant to hostile enchantments,
extremely unstealthy
A: retaliatory headbutt, horns 2
a: Berserk, Trog's Hand, Burn Spellbooks, Renounce Religion


You were on level 4 of the Dungeon.
You worshipped Trog.
Trog was most pleased with you.
You were not hungry.

You visited 1 branch of the dungeon, and saw 4 of its levels.

You collected 179 gold pieces.

Inventory:

Hand Weapons
 a - a +0 hand axe (weapon)
Missiles
 p - 5 javelins (quivered)
Armour
 j - a +0 cloak (worn)
 t - a +0 scale mail (worn)
Jewellery
 s - a ring of poison resistance (left hand)
Scrolls
 b - 3 scrolls of identify {unknown}
 d - 2 scrolls of enchant weapon {unknown}
 e - a scroll of blinking {unknown}
 f - a scroll of magic mapping {unknown}
 g - a scroll of recharging {unknown}
 l - a scroll of immolation {unknown}
 m - a scroll of remove curse {unknown}
 n - 2 scrolls of noise {unknown}
 q - a scroll of amnesia {unknown}
 r - a scroll of teleportation {unknown}
Potions
 h - a potion of heal wounds {unknown}
Comestibles
 c - a bread ration
 i - 3 meat rations
 k - a beef jerky
 o - 4 fruits


   Skills:
 * Level 5.7 Fighting
 * Level 5.8 Axes
 + Level 2.0 Throwing
 + Level 3.7 Armour
 + Level 3.3 Dodging


You had 5 spell levels left.
You didn't know any spells.

Dungeon Overview and Level Annotations

Branches:
Dungeon (4/15)
 Temple: D:4-7

Altars:

Annotations:
D:4 Menkaure


Innate Abilities, Weirdness & Mutations

You reflexively headbutt those who attack you in melee.
You have a pair of horns on your head.


Message History

Menkaure calls on the powers of darkness!
Your body is wracked with pain!
You hit Menkaure but do no damage.
Menkaure is lightly damaged.
Menkaure hits you!
* * * LOW HITPOINT WARNING * * *
You barely miss Menkaure.
You headbutt Menkaure, but do no damage.
Menkaure is lightly damaged.
Menkaure hits you but does no damage.
A red film seems to cover your vision as you go berserk!
You feel yourself moving faster!
You feel mighty!
You feel somewhat more hungry. Menkaure hits you!!
* * * LOW HITPOINT WARNING * * *
You barely miss Menkaure.
Menkaure is lightly damaged.
You slash Menkaure!
Menkaure is severely damaged.
Menkaure hits you!
You die...

###### #....# +....#
#....# #....# #....
#..M# ....#
#..@##.....##
#....#......#
#....#......
#....#..... ###.###..#
#.###..####.#
#...........#
+...........+
###############.####+##


You could see Menkaure.

Vanquished Creatures
  The ghost of Melum the Chopper, an amateur DsWn (D:3)
  An ogre (D:4)
  An orc priest (D:3)
  6 adders
  4 worms
  3 dart slugs
  2 giant geckos
  10 orcs
  3 giant cockroaches
  5 goblins
  6 hobgoblins
  4 jackals (D:2)
  2 quokkas
  2 ball pythons (D:2)
  5 bats
  3 giant newts (D:2)
  11 kobolds
  5 rats
74 creatures vanquished.

Notes
Turn   | Place    | Note
--------------------------------------------------------------
     0 | D:1      | shmeve the Minotaur Berserker began the quest for the Orb.
     0 | D:1      | Reached XP level 1. HP: 19/19 MP: 0/0
   508 | D:1      | Reached XP level 2. HP: 25/27 MP: 1/1
  1026 | D:2      | Reached skill level 1 in Throwing
  1026 | D:2      | Reached XP level 3. HP: 19/33 MP: 2/2
  1351 | D:2      | Reached ** piety under Trog
  1999 | D:2      | Reached XP level 4. HP: 33/41 MP: 3/3
  2683 | D:3      | Reached skill level 5 in Axes
  2683 | D:3      | Reached XP level 5. HP: 47/47 MP: 4/4
  2721 | D:3      | Reached *** piety under Trog
  2758 | D:3      | Noticed Melum's ghost (amateur DsWn)
  2772 | D:3      | Killed Melum's ghost
  2772 | D:3      | Reached skill level 5 in Fighting
  2772 | D:3      | Reached XP level 6. HP: 53/56 MP: 5/5
  3291 | D:4      | Noticed Menkaure
  3300 | D:4      | HP: 1/85 [Menkaure (19)]
  3302 | D:4      | Slain by Menkaure

Skill      XL: |  1  2  3  4  5  6 |
---------------+-------------------+-----
Fighting       | 4 5 |  5.7
Axes           | 4 5 |  5.8
Throwing       | 1 2 |  2.0
Armour         | 3 |  3.7
Dodging        | 3 |  3.3

Action                   |  1- 3 |  4- 6 || total
-------------------------+-------+-------++-------
Melee: Hand axe          |   104 |    87 ||   191
       Headbutt          |    17 |    11 ||    28
Throw: Javelin           |     4 |     4 ||     8
Invok: Berserk           |     1 |     3 ||     4
       Trog's Hand       |       |     1 ||     1
 Stab: Sleeping          |     1 |       ||     1
  Eat: Chunk             |     4 |     7 ||    11
Armor: Animal skin       |    27 |       ||    27
       Scale mail        |       |    27 ||    27
Dodge: Dodged            |    85 |    53 ||   138
